BSA
SEATTLE PIKES @ KANSAS CITY KINGS
03/24/2026
 
TOP OF THE 1ST
Seattle Pikes batting - Pitching for Kansas City Kings : LHP Francisco Morales
Pitching: LHP Francisco Morales
Batting: RHB Iván Gonzáles 0-0: Foul Ball, location: 2F
0-1: DOUBLE (Line Drive, 89XD)
Batting: RHB Wallace Greene 0-0: Ball
1-0: Foul Ball, location: 2F
1-1: Swinging Strike
1-2: Ground out 6-3 (Groundball, 6)
Batting: LHB Francisco Franco 0-0: Ground out U3 (Groundball, 3L)
Iván Gonzáles to third
Batting: LHB Richard Hunter 0-0: Called Strike
0-1: Foul Ball, location: 2F
0-2: Fly out, F2 (Popup, 2RF)
Top of the 1st over - 0 run(s), 1 hit(s), 0 error(s), 1 left on base; Seattle 0 - Kansas City 0
BOTTOM OF THE 1ST
Kansas City Kings batting - Pitching for Seattle Pikes : RHP António Rijo
Pitching: RHP António Rijo
Batting: RHB Chris Chandler 0-0: Foul Ball, location: 2F
0-1: Ground out 1-3 (Groundball, 13)
Pitching: RHP Ernesto Beltrán
Batting: RHB Dave Parker 0-0: Called Strike
0-1: Foul Ball, location: 2F
0-2: Foul Ball, location: 2F
0-2: Foul Ball, location: 2F
0-2: Ball
1-2: Fly out, F9 (Flyball, 9M)
Batting: RHB Toshimichi Kono 0-0: Ground out 5-3 (Groundball, 5S)
Bottom of the 1st over - 0 run(s), 0 hit(s), 0 error(s), 0 left on base; Seattle 0 - Kansas City 0
TOP OF THE 2ND
Seattle Pikes batting - Pitching for Kansas City Kings : LHP Francisco Morales
Batting: RHB Manuel Rico 0-0: Ball
1-0: DOUBLE (Groundball, 3L)
Batting: LHB Roberto Lozano 0-0: Fly out, F7 (Flyball, 7LS)
Batting: RHB Dennis Stephenson 0-0: Called Strike
0-1: 2-RUN HOME RUN (Flyball, 78XD), Distance : 416 ft
Batting: RHB Roberto Zamora 0-0: Foul Ball, location: 2F
0-1: Ball
1-1: Ball
2-1: Ball
3-1: Ground out 5-3 (Groundball, 5S)
Batting: SHB António Hernández 0-0: Ball
1-0: Ball
2-0: Foul Ball, location: 2F
2-1: Called Strike
2-2: Ball
3-2: Strikes out swinging
Top of the 2nd over - 2 run(s), 2 hit(s), 0 error(s), 0 left on base; Seattle 2 - Kansas City 0
BOTTOM OF THE 2ND
Kansas City Kings batting - Pitching for Seattle Pikes : RHP Ernesto Beltrán
Batting: RHB Alonso Ramos 0-0: Foul Ball, location: 2F
0-1: Ball
1-1: Foul Ball, location: 2F
1-2: Ground out 4-3 (Groundball, 4)
Batting: LHB Pablo Reyes 0-0: Ball
1-0: Ball
2-0: Ball
3-0: Foul Ball, location: 2F
3-1: Called Strike
3-2: Foul Ball, location: 2F
3-2: Base on Balls
Batting: LHB Vic Robertson 0-0: Ball
1-0: Called Strike
1-1: Swinging Strike
1-2: Ball
2-2: Strikes out swinging
Batting: RHB Ronald Parsons 0-0: Ball
1-0: Foul Ball, location: 2F
1-1: Ball
2-1: Swinging Strike
2-2: Fly out, F9 (Flyball, 89D)
Bottom of the 2nd over - 0 run(s), 0 hit(s), 0 error(s), 1 left on base; Seattle 2 - Kansas City 0
TOP OF THE 3RD
Seattle Pikes batting - Pitching for Kansas City Kings : LHP Francisco Morales
Batting: RHB Iván Gonzáles 0-0: Swinging Strike
0-1: Ball
1-1: Fly out, F9 (Flyball, 89M)
Batting: RHB Wallace Greene 0-0: Called Strike
0-1: Called Strike
0-2: Ball
1-2: Foul Ball, location: 2F
1-2: Ball
2-2: Foul Ball, location: 2F
2-2: Ground out 5-3 (Groundball, 56S)
Batting: LHB Francisco Franco 0-0: Fly out, F5 (Popup, 5DF)
Top of the 3rd over - 0 run(s), 0 hit(s), 0 error(s), 0 left on base; Seattle 2 - Kansas City 0
BOTTOM OF THE 3RD
Kansas City Kings batting - Pitching for Seattle Pikes : RHP Ernesto Beltrán
Batting: LHB Brian Boone 0-0: Swinging Strike
0-1: Swinging Strike
0-2: Strikes out swinging
Batting: RHB Mitsuoki Taguchi 0-0: Ball
1-0: Called Strike
1-1: Swinging Strike
1-2: Fly out, F8 (Flyball, 8LXD)
Batting: RHB Chris Chandler 0-0: Foul Ball, location: 2F
0-1: Ball
1-1: Foul Ball, location: 2F
1-2: Ball
2-2: Fly out, F4 (Popup, 4MD)
Bottom of the 3rd over - 0 run(s), 0 hit(s), 0 error(s), 0 left on base; Seattle 2 - Kansas City 0
TOP OF THE 4TH
Seattle Pikes batting - Pitching for Kansas City Kings : LHP Francisco Morales
Batting: LHB Richard Hunter 0-0: Called Strike
0-1: Foul Ball, location: 2F
0-2: Foul Ball, location: 2F
0-2: Ball
1-2: Strikes out swinging
Batting: RHB Manuel Rico 0-0: Ball
1-0: Swinging Strike
1-1: Called Strike
1-2: Ball
2-2: Strikes out swinging
Batting: LHB Roberto Lozano 0-0: Ball
1-0: Ground out 5-3 (Groundball, 5S)
Top of the 4th over - 0 run(s), 0 hit(s), 0 error(s), 0 left on base; Seattle 2 - Kansas City 0
BOTTOM OF THE 4TH
Kansas City Kings batting - Pitching for Seattle Pikes : RHP Ernesto Beltrán
Batting: RHB Dave Parker 0-0: Swinging Strike
0-1: Foul Ball, location: 2F
0-2: Foul Ball, location: 2F
0-2: Foul Ball, location: 2F
0-2: Ball
1-2: Foul Ball, location: 2F
1-2: Fly out, F9 (Flyball, 9D)
Batting: RHB Toshimichi Kono 0-0: Ground out 6-3 (Groundball, 6)
Batting: RHB Alonso Ramos 0-0: Foul Ball, location: 2F
0-1: Ball
1-1: Fly out, F7 (Flyball, 78D)
Bottom of the 4th over - 0 run(s), 0 hit(s), 0 error(s), 0 left on base; Seattle 2 - Kansas City 0
TOP OF THE 5TH
Seattle Pikes batting - Pitching for Kansas City Kings : LHP Francisco Morales
Pitching: RHP Tom McConnell
Batting: RHB Dennis Stephenson 0-0: Called Strike
0-1: Fly out, F7 (Flyball, 78M)
Batting: RHB Roberto Zamora 0-0: Called Strike
0-1: SINGLE (Groundball, 56D)
Batting: SHB António Hernández 0-0: Ball
1-0: Foul Ball, location: 2F
1-1: Ball
2-1: Ball
3-1: SINGLE (Groundball, 34D)
Roberto Zamora to second
Runner from 2nd tries for 3rd, OUT!
Batting: RHB Iván Gonzáles 0-0: Ball
1-0: Foul Ball, location: 2F
1-1: Fly out, F9 (Flyball, 9LS)
Top of the 5th over - 0 run(s), 2 hit(s), 0 error(s), 1 left on base; Seattle 2 - Kansas City 0
BOTTOM OF THE 5TH
Kansas City Kings batting - Pitching for Seattle Pikes : RHP Ernesto Beltrán
Pitching: RHP Jesús Mendoza
Batting: LHB Pablo Reyes 0-0: Called Strike
0-1: Ball
1-1: Fly out, F7 (Line Drive, 7LM)
Batting: LHB Vic Robertson 0-0: Ball
1-0: Called Strike
1-1: Called Strike
1-2: Foul Ball, location: 2F
1-2: Foul Ball, location: 2F
1-2: Ball
2-2: Foul Ball, location: 2F
2-2: Foul Ball, location: 2F
2-2: Ground out 4-3 (Groundball, 34)
Batting: RHB Ronald Parsons 0-0: Foul Ball, location: 2F
0-1: SINGLE (Groundball, 4M)
Batting: LHB Brian Boone Pickoff Throw to First - Out!
Bottom of the 5th over - 0 run(s), 1 hit(s), 0 error(s), 0 left on base; Seattle 2 - Kansas City 0
TOP OF THE 6TH
Seattle Pikes batting - Pitching for Kansas City Kings : RHP Tom McConnell
Batting: RHB Wallace Greene 0-0: Ball
1-0: Swinging Strike
1-1: Ball
2-1: Foul Ball, location: 2F
2-2: SINGLE (Line Drive, 6D)
Batting: LHB Francisco Franco 0-0: Called Strike
0-1: Foul Ball, location: 2F
0-2: Strikes out swinging
Batting: LHB Richard Hunter 0-0: Ball
1-0: Called Strike
1-1: Ball
2-1: 2-RUN HOME RUN (Flyball, 9D), Distance : 378 ft
Batting: RHB Manuel Rico 0-0: Called Strike
0-1: Ball
1-1: SINGLE (Line Drive, 56)
Batting: LHB Roberto Lozano 0-0: Ball
1-0: Foul Ball, location: 2F
1-1: Ball
2-1: Called Strike
2-2: Ball
3-2: Base on Balls
Manuel Rico to second
Batting: RHB Dennis Stephenson 0-0: Ball
1-0: Foul Ball, location: 2F
1-1: Foul Ball, location: 2F
1-2: Strikes out swinging
Batting: RHB Roberto Zamora 0-0: Ball
1-0: Called Strike
1-1: Ball
2-1: Foul Ball, location: 2F
2-2: Foul Ball, location: 2F
2-2: Ball
3-2: Base on Balls
Manuel Rico to third
Roberto Lozano to second
Batting: SHB António Hernández 0-0: Ball
1-0: GRAND SLAM HOME RUN (Flyball, 9LD), Distance : 357 ft
Pitching: RHP Alonso Jiménez
Pinch Hitting: LHB Terry White 0-0: Fly out, F7 (Flyball, 7M)
Top of the 6th over - 6 run(s), 4 hit(s), 0 error(s), 0 left on base; Seattle 8 - Kansas City 0
BOTTOM OF THE 6TH
Kansas City Kings batting - Pitching for Seattle Pikes : RHP Jesús Mendoza
Now at 3B: Claudio Souza
Batting: LHB Brian Boone 0-0: SINGLE (Line Drive, 9LS)
Batting: RHB Mitsuoki Taguchi 0-0: Ball
1-0: Ball
2-0: Called Strike
2-1: Foul Ball, location: 2F
2-2: Foul Ball, location: 2F
2-2: SINGLE (Groundball, 4MD) (infield hit)
Brian Boone to second
Batting: RHB Chris Chandler 0-0: SINGLE (Line Drive, 34D)
Brian Boone to third
Mitsuoki Taguchi to second
Runner from 3rd tries for Home, SAFE, no throw or cutoff
Batting: RHB Dave Parker 0-0: Grounds into double play, 6-4-3 (Groundball, 6)
Mitsuoki Taguchi to third
Batting: RHB Toshimichi Kono 0-0: Ball
1-0: Ground out 4-3 (Groundball, 34)
Bottom of the 6th over - 1 run(s), 3 hit(s), 0 error(s), 1 left on base; Seattle 8 - Kansas City 1
TOP OF THE 7TH
Seattle Pikes batting - Pitching for Kansas City Kings : RHP Alonso Jiménez
Batting: RHB Wallace Greene 0-0: Ball
1-0: Ball
2-0: Ball
3-0: Base on Balls
Pinch Hitting: LHB Sammy Marshall 0-0: Ball
1-0: Swinging Strike
1-1: Called Strike
1-2: Strikes out swinging
Pinch Hitting: LHB Eduardo Gómez 0-0: Grounds into double play, 4-6-3 (Groundball, 4)
Top of the 7th over - 0 run(s), 0 hit(s), 0 error(s), 0 left on base; Seattle 8 - Kansas City 1
BOTTOM OF THE 7TH
Kansas City Kings batting - Pitching for Seattle Pikes : RHP Jesús Mendoza
Pitching: LHP António Alvarado
Now at 1B: Javier Escobedo
Now in RF: Sammy Marshall
Batting: RHB Alonso Ramos 0-0: Ball
1-0: Ball
2-0: Called Strike
2-1: Ground out 6-3 (Groundball, 6)
Batting: LHB Pablo Reyes 0-0: Called Strike
0-1: Ball
1-1: Ball
2-1: Swinging Strike
2-2: Strikes out swinging
Batting: LHB Vic Robertson 0-0: Called Strike
0-1: Ground out 1-3 (Groundball, 23)
Bottom of the 7th over - 0 run(s), 0 hit(s), 0 error(s), 0 left on base; Seattle 8 - Kansas City 1
TOP OF THE 8TH
Seattle Pikes batting - Pitching for Kansas City Kings : RHP Alonso Jiménez
Pinch Hitting: LHB Chad Weaver 0-0: Called Strike
0-1: Foul Ball, location: 2F
0-2: Strikes out swinging
Pinch Hitting: LHB Brandon Cummings 0-0: Called Strike
0-1: Ball
1-1: Swinging Strike
1-2: Ball
2-2: Foul Ball, location: 2F
2-2: Strikes out swinging
Batting: RHB Dave Morgan 0-0: Called Strike
0-1: Called Strike
0-2: Ball
1-2: Ball
2-2: Strikes out swinging
Top of the 8th over - 0 run(s), 0 hit(s), 0 error(s), 0 left on base; Seattle 8 - Kansas City 1
BOTTOM OF THE 8TH
Kansas City Kings batting - Pitching for Seattle Pikes : LHP António Alvarado
Now in CF: Víctor Carrillo
Now in RF: Chad Weaver
Batting: RHB Ronald Parsons 0-0: Called Strike
0-1: Ball
1-1: Ball
2-1: Ball
3-1: Called Strike
3-2: Base on Balls
Batting: LHB Brian Boone 0-0: Swinging Strike
0-1: Ball
1-1: Ball
2-1: Ball
3-1: Called Strike
3-2: Strikes out swinging
Ronald Parsons steals 2nd base
Batter strikes out.
Batting: RHB Mitsuoki Taguchi 0-0: Foul Ball, location: 2F
0-1: Ground out 3-1 (Groundball, 34)
Ronald Parsons to third
Pinch Hitting: RHB Adrian Prouse 0-0: Ball
1-0: Called Strike
1-1: Ground out 6-3 (Groundball, 6)
Bottom of the 8th over - 0 run(s), 0 hit(s), 0 error(s), 1 left on base; Seattle 8 - Kansas City 1
TOP OF THE 9TH
Seattle Pikes batting - Pitching for Kansas City Kings : RHP Alonso Jiménez
Now at 2B: Miguel Hernández
Pinch Hitting: RHB António Ortega 0-0: Ball
1-0: Ball
2-0: Ground out 6-3 (Groundball, 6)
Pinch Hitting: RHB Tae-kwon Kwon 0-0: SINGLE (Groundball, 4D)
Batting: RHB Claudio Souza 0-0: Ball
1-0: Ball
2-0: Fielders Choice at 2nd, 6-4 (Groundball, 6)
Pinch Hitting: RHB Murai Ishihara 0-0: Ball
1-0: Ball
2-0: Ball
3-0: Ground out 5-3 (Groundball, 5)
Top of the 9th over - 0 run(s), 1 hit(s), 0 error(s), 1 left on base; Seattle 8 - Kansas City 1
BOTTOM OF THE 9TH
Kansas City Kings batting - Pitching for Seattle Pikes : LHP António Alvarado
Now at C: Tae-kwon Kwon
Now at 1B: António Ortega
Now at 2B: Murai Ishihara
Pinch Hitting: RHB Paul Ladd 0-0: SINGLE (Line Drive, 89S)
Pinch Hitting: RHB Nobuharu Hoshino 0-0: Grounds into double play, 6-4-3 (Groundball, 6)
Pinch Hitting: LHB Howard Lambert 0-0: Called Strike
0-1: Fly out, F7 (Flyball, 7M)
Bottom of the 9th over - 0 run(s), 1 hit(s), 0 error(s), 0 left on base; Seattle 8 - Kansas City 1
Monday, December 5th, 2016 - OOTP Baseball 17.12 Build 75